 Dungeon Crawl Stone Soup version 0.28.0-53-g5a82cb258f (webtiles) character file.

Game seed: 15048209772845795497

286 concernfroge the Sneak (level 6, -1/39 HPs)
             Began as an Octopode Brigand on June 18, 2022.
             Was an Initiate of Dithmenos.
             Slain by a gnoll shaman
             ... wielding a +0 whip
              (13 damage)
             ... on level 3 of the Dungeon.
             The game lasted 00:13:56 (3576 turns).

concernfroge the Sneak (Octopode Brigand)           Turns: 3576, Time: 00:13:57

Health: -1/39      AC:  1    Str: 11    XL:     6   Next: 30%
Magic:  6/6        EV: 12    Int: 13    God:    Dithmenos [......]
Gold:   257        SH:  0    Dex: 15    Spells: 5/5 levels left

rFire   . . .      SeeInvis .   a - +2 dagger
rCold   . . .      Faith    .   (no shield)
rNeg    . . .      Spirit   .   (helmet restricted)
rPois   .          Reflect  .   (no amulet)
rElec   .          Harm     .   (no ring)
rCorr   .          Rampage  .   (no ring)
Will    .....                   (no ring)
Stlth   +++.......              (no ring)
HPRegen 0.13/turn               (no ring)
MPRegen 0.10/turn               (no ring)
                                (no ring)
                                (no ring)

@: confused, ambrosia-drunk, invisible
A: almost no armour, amphibious, 8 rings, camouflage 1, gelatinous body 1,
(nimble swimmer 1), tentacles
a: Renounce Religion


You were on level 3 of the Dungeon.
You worshipped Dithmenos.
Dithmenos was noncommittal.
You visited 2 branches of the dungeon, and saw 5 of its levels.

You collected 257 gold pieces.

Inventory:

Hand Weapons
 a - a +2 dagger (weapon)
Missiles
 b - 4 poisoned darts (quivered)
 c - 2 curare-tipped darts
Jewellery
 d - a ring of magical power
 f - a ring of flight
 n - a ring of ice
 p - a ring of fire
Scrolls
 e - a scroll of immolation {unknown}
 g - a scroll of amnesia {unknown}
 i - a scroll of teleportation {unknown}
 j - a scroll of fog {unknown}
 l - 2 scrolls of identify {unknown}
Potions
 k - a potion of invisibility
 m - 2 potions of brilliance {unknown}
 o - a potion of attraction {unknown}


   Skills:
 - Level 2.0 Fighting
 + Level 4.0 Short Blades
 + Level 4.0 Throwing
 - Level 1.0 Dodging
 + Level 7.4 Stealth


You had 5 spell levels left.
You didn't know any spells.
Your spell library contained the following spells:

 Spells                   Type           Power      Damage    Failure   Level
 Conjure Flame            Conj/Fire      0%         6-21      67%         3
 Ignite Poison            Fire/Tmut/Pois 0%         N/A       67%         3
 Sticky Flame             Conj/Fire      0%         2d3       97%         4


Dungeon Overview and Level Annotations

Branches:
Dungeon (4/15)             Temple (1/1) D:4

Altars:
Ashenzari
Dithmenos
Elyvilon
Fedhas
Gozag
Kikubaaqudgha
Makhleb
Nemelex Xobeh
Okawaru
Sif Muna
Trog
Uskayaw
Wu Jian


Innate Abilities, Weirdness & Mutations

You cannot wear most types of armour.
You are amphibious.
You can wear up to eight rings at the same time.
Your skin changes colour to match your surroundings (Stealth+).
Your rubbery body absorbs attacks. (AC +1, EV +1)
((You are camouflaged when in or above water. (Stealth+)))
You have tentacles for arms and can constrict up to eight enemies at once.


Message History

Dithmenos accepts your kill.
Your Short Blades skill increases to level 4!
Throw: 7 darts (poison)
Press: ? - help, Q - select action, (/) - cycle Shift-Dir - straight line, f - gnoll shaman
Aim: a gnoll shaman, wielding a +0 whip and wearing a +0 leather armour (heavily wounded, poisoned, 65% to hit)
You throw a poisoned dart.
The poisoned dart hits the gnoll shaman!
The gnoll shaman looks even sicker.
The gnoll shaman is heavily wounded.
The gnoll shaman prays to its god.
The gnoll shaman is healed somewhat.
Throw: 6 darts (poison)
Press: ? - help, Q - select action, (/) - cycle Shift-Dir - straight line, f/p - gnoll shaman
Aim: a gnoll shaman, wielding a +0 whip and wearing a +0 leather armour (moderately wounded, very poisoned, 65% to hit)
You throw a poisoned dart.
The poisoned dart barely misses the gnoll shaman.
Throw: 5 darts (poison)
Press: ? - help, Q - select action, (/) - cycle Shift-Dir - straight line, f/p - gnoll shaman
Aim: a gnoll shaman, wielding a +0 whip and wearing a +0 leather armour (moderately wounded, very poisoned, 65% to hit)
You throw a poisoned dart.
The poisoned dart barely misses the gnoll shaman.
The gnoll shaman completely misses you. The gnoll shaman barely misses you.
You are no longer glowing.
You hit the gnoll shaman. You grab the gnoll shaman.
You tentacle-slap the gnoll shaman.
The gnoll shaman is heavily wounded.
You constrict the gnoll shaman, but do no damage.
The gnoll shaman hits you with a +0 whip!
* * * LOW HITPOINT WARNING * * *
It was a potion of ambrosia.
You are confused.
You feel invigorated.
You constrict the gnoll shaman.
The gnoll shaman hits you with a +0 whip.
* * * LOW HITPOINT WARNING * * *
It was a potion of invisibility.
You fade into invisibility!
You constrict the gnoll shaman, but do no damage.
The gnoll shaman hits you with a +0 whip!
You die...

##### #...# ######### #######
#...# #########........ ......#
#...####......#..(.(.>##
##..#.####...#.()((.....(....(.##
#...........#.##....(.###.####..
####...........##......##..# #.≈
####.....>....###......##.## #.≈
...............g@.........# #.≈
......>................#### #.≈
.......<.#...####......###### #.≈
...#########..# #####.......# #.§
##...# ####.# #######.###.≈
#.#.## #....### #...#..
#.#..####......### #.#..##
#.##........##...#########.####
#...........####...........#


You could see a gnoll shaman (very poisoned).

Vanquished Creatures
  A necrophage (D:2)
  A howler monkey (D:4)
  An orc wizard (D:4)
  A hound skeleton (D:4)
  3 gnolls
  2 adders
  A worm (D:4)
  3 orcs (D:4)
  7 ball pythons
  8 bats
  4 endoplasms
  4 giant cockroaches
  5 hobgoblins
  6 jackals
  6 quokkas
  5 frilled lizards
  4 goblins
  3 kobolds
  7 rats
72 creatures vanquished.

Vanquished Creatures (others)
  2 plants (D:2)
2 creatures vanquished.

Grand Total: 74 creatures vanquished

Notes
Turn   | Place    | Note
-------+----------+-------------------------------------------
     0 | D:1      | concernfroge the Octopode Brigand began the quest for the
                  | Orb.
     0 | D:1      | Reached XP level 1. HP: 14/14 MP: 1/1
   196 | D:1      | Reached XP level 2. HP: 11/19 MP: 2/2
   380 | D:1      | Reached XP level 3. HP: 24/24 MP: 3/3
  1110 | D:2      | Reached skill level 6 in Stealth
  1443 | D:2      | Noticed a necrophage
  1447 | D:2      | Killed a necrophage
  1448 | D:2      | Reached XP level 4. HP: 29/29 MP: 4/4
  1448 | D:2      | Reached XP level 5. HP: 34/34 MP: 5/5
  2616 | D:3      | Found a bloodstained altar of Trog.
  2680 | D:3      | Found a faded altar of an unknown god.
  2691 | D:3      | Noticed an eye of devastation
  2698 | D:3      | Noticed a great orb of eyes
  2704 | D:3      | Noticed an eye of devastation
  2709 | D:3      | Noticed a great orb of eyes
  2887 | D:4      | Reached skill level 7 in Stealth
  2995 | D:4      | Reached XP level 6. HP: 34/39 MP: 6/6
  3149 | D:4      | Found a staircase to the Ecumenical Temple.
  3186 | Temple   | Entered the Ecumenical Temple
  3391 | Temple   | Became a worshipper of Dithmenos the Shadowed
  3576 | D:3      | Slain by a gnoll shaman

Illustrated notes

Levels and vault maps discovered:
D:1:      minmay_arrival_stone_box, layout_loops_corners
D:2:      layout_loops_corners, serial_bayou_pond_a, kennysheep_cross_room
D:3:      layout_rooms, mainiacjoe_overflow_paths,
          hellmonk_ecumenical_altar_watching_god, chequers_jeans
D:4:      minmay_evil_eye, layout_cave_pools, doesnt_xom_only_xom,
          minmay_temple_entry_tees, grunt_decor_junction, dk_rats_in_the_wall
Temple:   hc_temple_tempest_star

Skill      XL: |  1  2  3  4  5  6 |
---------------+-------------------+-----
Stealth        | 6 7 |  7.4
Short Blades   | 3 4 |  4.0
Throwing       | 3 4 |  4.0
Fighting       | |  2.0
Dodging        | |  1.0

Action                   |  1- 3 |  4- 6 || total
-------------------------+-------+-------++-------
Melee: Dagger            |    49 |    62 ||   111
       Constrict         |    11 |    14 ||    25
       Tentacles         |    11 |    11 ||    22
       Punch             |       |     1 ||     1
Throw: Dart              |       |    29 ||    29
  Use: Potion            |       |     4 ||     4
 Stab: Sleeping          |    16 |    11 ||    27
       Distracted        |       |     1 ||     1
Armor: Skin              |     3 |     5 ||     8
Dodge: Dodged            |    16 |    46 ||    62
